 Dungeon Crawl Stone Soup version 0.26-a0-651-gb41185065b (webtiles) character file.

Game seed: 255127950508552074

1488 Irenicus the Geomancer (level 8, 0/62 HPs)
             Began as a Deep Dwarf Earth Elementalist on Oct 6, 2020.
             Was an Initiate of Makhleb.
             Slain by a human zombie (2 damage)
             ... on level 7 of the Dungeon.
             The game lasted 00:20:02 (3115 turns).

Irenicus the Geomancer (DDEE)                       Turns: 3115, Time: 00:20:03

Health: 0/62       AC: 10    Str: 18    XL:     8   Next: 51%
Magic:  4/14       EV: 11    Int: 18    God:    Makhleb [......]
Gold:   167        SH:  0    Dex: 13    Spells: 12/15 levels left

rFire    . . .     SeeInvis .   f - +2 dagger (venom)
rCold    . . .     Faith    .   (no shield)
rNeg     . . .     Spirit   .   s - +0 ring mail
rPois    .         Reflect  .   j - +2 helmet
rElec    .         Harm     .   k - +0 cloak
rCorr    .         Rampage  .   (no gloves)
MR       +....                  a - +0 pair of boots
Stlth    +.........             (no amulet)
HPRegen  0.00/turn              r - +6 ring of strength
MPRegen  0.14/turn              (no ring)

@: non-regenerating, slowed, very slow
A: damage resistance, heal wounds, sense surroundings 1, no regeneration
a: Heal Wounds, Renounce Religion


You were on level 7 of the Dungeon.
You worshipped Makhleb.
Makhleb was noncommittal.
You visited 2 branches of the dungeon, and saw 8 of its levels.

You collected 255 gold pieces.
You spent 88 gold pieces at shops.

Inventory:

Hand Weapons
 e - a +0 whip of freezing
   (You found it on level 3 of the Dungeon)
 f - a +2 dagger of venom (weapon)
   (You took it off a goblin on level 3 of the Dungeon)
 m - a +0 spear of flaming
   (You found it on level 2 of the Dungeon)
Missiles
 b - 104 stones (quivered)
 n - a throwing net {=f, !d}
Armour
 a - a +0 pair of boots (worn)
   (You found it on level 1 of the Dungeon)
 j - a +2 helmet (worn)
   (You found it on level 1 of the Dungeon)
 k - a +0 cloak (worn)
   (You found it on level 1 of the Dungeon)
 s - a +0 ring mail (worn)
   (You took it off an orc on level 3 of the Dungeon)
Jewellery
 p - an uncursed ring of fire {rF+, rC-}
   (You found it on level 2 of the Dungeon)
 r - a +6 ring of strength (left hand)
   (You found it on level 2 of the Dungeon)
Wands
 C - a wand of paralysis (15)
   (You took it off an orc priest on level 5 of the Dungeon)
Scrolls
 g - 2 scrolls of teleportation
 h - 2 scrolls of identify
 i - 2 scrolls of enchant weapon {unknown}
 w - a scroll of magic mapping {unknown}
 x - 3 scrolls of blinking {!r}
 y - a scroll of enchant armour {unknown}
 A - a scroll of remove curse
Potions
 c - 3 potions of flight
 d - a potion of haste {unknown}
 l - a potion of berserk rage {!q}
 o - 2 potions of curing
 q - a potion of mutation {!q}
 t - 2 potions of stabbing
 v - a potion of degeneration {unknown}
 z - 2 potions of invisibility
 B - 2 potions of heal wounds


   Skills:
 - Level 2.1 Dodging
 - Level 2.4 Stealth
 - Level 4.2 Spellcasting
 - Level 0.8 Transmutations
 + Level 12.6 Earth Magic


You had 12 spell levels left.
You knew the following spells:

 Your Spells              Type           Power        Failure   Level
a - Sandblast             Erth           #####.       1%          1
w - Passwall              Tmut/Erth      ####....     2%          2

Your spell library contained the following spells:

 Spells                   Type           Power        Failure   Level
 Lee's Rapid Deconstruct  Erth           #####.....   4%          5
 Stone Arrow              Conj/Erth      ####..       6%          3
 Petrify                  Tmut/Erth      ####....     16%         4


Dungeon Overview and Level Annotations

Branches:
Dungeon (7/15)             Temple (1/1) D:7

Altars:
Ashenzari
Cheibriados
Dithmenos
Elyvilon
Fedhas
Gozag
Hepliaklqana
Kikubaaqudgha
Makhleb
Nemelex Xobeh
Okawaru
Qazlal
Ru
Sif Muna
Trog
Uskayaw
Vehumet
Wu Jian
Xom
Yredelemnul
Zin
The Shining One

Shops:
D:4 *


Innate Abilities, Weirdness & Mutations

You are resistant to damage.
You can heal yourself by infusing magical energy.
You passively map a small area around you.
You do not regenerate.


Message History

You now have 8/14 mp.
Casting: Sandblast (safe; 1% risk of failure)
Confirm with . or Enter, or press ? or * to list all spells.
Aiming: Sandblast (safe; 1% risk of failure)
Press: ? - help, Shift-Dir - straight line, f/p - wraith
Aim: a wraith (lightly damaged)
The blast of sand misses the wraith.
b - 112 stones The wraith hits you.
The wraith drains your vigour!
You feel as though you will be slow longer.
Casting: Sandblast (safe; 1% risk of failure)
Confirm with . or Enter, or press ? or * to list all spells.
Aiming: Sandblast (safe; 1% risk of failure)
Press: ? - help, Shift-Dir - straight line, f/p - wraith
Aim: a wraith (lightly damaged)
The blast of sand misses the wraith.
b - 111 stones The wraith barely misses you.
The wraith hits you but does no damage.
You now have 7/14 mp.
Casting: Sandblast (safe; 1% risk of failure)
Confirm with . or Enter, or press ? or * to list all spells.
Aiming: Sandblast (safe; 1% risk of failure)
Press: ? - help, Shift-Dir - straight line, f/p - wraith
Aim: a wraith (lightly damaged)
The blast of sand misses the wraith.
b - 110 stones The wraith hits you!
* * * LOW HITPOINT WARNING * * *
The wraith drains your vigour!
You feel as though you will be slow longer.
You take 10 damage, and have 18/62 hp.
You now have 6/14 mp.
Casting: Sandblast (safe; 1% risk of failure)
Confirm with . or Enter, or press ? or * to list all spells.
Aiming: Sandblast (safe; 1% risk of failure)
Press: ? - help, Shift-Dir - straight line, f/p - wraith
Aim: a wraith (lightly damaged)
The blast of sand hits the wraith!
The wraith is moderately damaged.
b - 109 stones The wraith hits you.
* * * LOW HITPOINT WARNING * * *
The wraith barely misses you.
You take 5 damage, and have 13/62 hp.
You now have 5/14 mp.
Casting: Sandblast (safe; 1% risk of failure)
Confirm with . or Enter, or press ? or * to list all spells.
Aiming: Sandblast (safe; 1% risk of failure)
Press: ? - help, Shift-Dir - straight line, f/p - wraith
Aim: a wraith (moderately damaged)
The blast of sand hits the wraith!!
The wraith is almost destroyed.
b - 108 stones The wraith misses you.
Casting: Sandblast (safe; 1% risk of failure)
Confirm with . or Enter, or press ? or * to list all spells.
Aiming: Sandblast (safe; 1% risk of failure)
Press: ? - help, Shift-Dir - straight line, f/p - wraith
Aim: a wraith (almost destroyed)
The blast of sand hits the wraith but does no damage.
The wraith is almost destroyed.
b - 107 stones The wraith hits you but does no damage.
The wraith hits you.
* * * LOW HITPOINT WARNING * * *
You take 4 damage, and have 9/62 hp.
You now have 4/14 mp.
Casting: Sandblast (safe; 1% risk of failure)
Confirm with . or Enter, or press ? or * to list all spells.
Aiming: Sandblast (safe; 1% risk of failure)
Press: ? - help, Shift-Dir - straight line, f/p - wraith
Aim: a wraith (almost destroyed)
The blast of sand misses the wraith.
b - 106 stones The wraith hits you!
* * * LOW HITPOINT WARNING * * *
You take 7 damage, and have 2/62 hp.
You now have 3/14 mp.
Casting: Sandblast (safe; 1% risk of failure)
Confirm with . or Enter, or press ? or * to list all spells.
Aiming: Sandblast (safe; 1% risk of failure)
Press: ? - help, Shift-Dir - straight line, f/p - wraith
Aim: a wraith (almost destroyed)
The blast of sand hits the wraith!
You destroy the wraith!
Makhleb accepts your kill.
b - 105 stones You now have 2/14 mp.
Okay, then.
You see here a mace.
You open the door.
A human zombie comes into view.
Found an ancient bone altar of Kikubaaqudgha.
Casting: Sandblast (safe; 1% risk of failure)
Confirm with . or Enter, or press ? or * to list all spells.
Aiming: Sandblast (safe; 1% risk of failure)
Press: ? - help, Shift-Dir - straight line, f - human zombie
Aim: a human zombie The blast of sand hits the human zombie!!!
The human zombie is severely damaged.
b - 104 stones The human zombie barely misses you.
You now have 3/14 mp.
The human zombie hits you.
You die...

* * ,, #. ##...##
# , * *
#..######.## #
..........# # ,* ,
, ####...### # * *
#.#.# # ,* *
*#######.# * * *
#.#.##8.#
*#+#+#+#+#'#'###.#
**
*#.....Z@.....'..#
##### , ,
#'#+#+#+#+#'#####
#.... * * #_ , #.#
* #.### * * ##* *
###* #.# * * * * ,
* .######.### *
*,,* ,*
........... *
######.### , ,, ,
, ..#####.#
.......<#


You could see a human zombie.

Vanquished Creatures
  A wraith (D:7)
  Eustachio (D:4)
  A black bear (D:6)
  A sky beast (D:6)
  An ogre (D:4)
  Blork the orc (D:5)
  A bullfrog (D:6)
  2 scorpions (D:6)
  2 hounds (D:7)
  6 orc priests
  4 orc wizards
  Jessica (D:4)
  An iguana (D:7)
  Ijyb (D:5)
  2 worker ants
  A hound zombie (D:7)
  4 gnolls (D:7)
  A howler monkey skeleton (D:6)
  5 adders
  3 white imps
  A worm (D:2)
  2 dart slugs
  3 leopard geckos
  28 orcs
  3 giant cockroaches
  6 goblins
  4 hobgoblins
  3 jackals (D:4)
  2 quokkas (D:2)
  7 bats
  5 frilled lizards
  A jackal zombie (D:5)
  4 kobolds
  2 orc skeletons (D:7)
  A quokka zombie (D:5)
  7 rats
119 creatures vanquished.

Notes
Turn   | Place    | Note
-------+----------+-------------------------------------------
     0 | D:1      | Irenicus the Deep Dwarf Earth Elementalist began the quest
                  | for the Orb.
     0 | D:1      | Reached XP level 1. HP: 15/15 MP: 3/3
   196 | D:1      | Reached skill level 2 in Spellcasting
   349 | D:1      | Reached XP level 2. HP: 20/22 MP: 5/5
   519 | D:1      | Learned a level 2 spell: Passwall
  1071 | D:2      | Reached XP level 3. HP: 26/28 MP: 1/6
  1239 | D:3      | Reached skill level 5 in Earth Magic
  1365 | D:3      | Reached XP level 4. HP: 20/36 MP: 4/8
  1398 | D:3      | Reached skill level 3 in Spellcasting
  1694 | D:4      | Noticed an ogre
  1699 | D:4      | Killed an ogre
  1699 | D:4      | Reached skill level 6 in Earth Magic
  1699 | D:4      | Reached XP level 5. HP: 20/42 MP: 1/10
  1760 | D:4      | Found a shimmering blue altar of Sif Muna.
  1760 | D:4      | Noticed Jessica
  1774 | D:4      | Killed Jessica
  1805 | D:4      | Noticed Eustachio
  1811 | D:4      | Killed Eustachio
  1811 | D:4      | Reached skill level 4 in Spellcasting
  1811 | D:4      | Reached skill level 7 in Earth Magic
  1811 | D:4      | Reached XP level 6. HP: 22/49 MP: 2/12
  1875 | D:4      | Found a snail-covered altar of Cheibriados.
  1914 | D:4      | Found Rueqo's Assorted Antiques.
  1917 | D:4      | Bought an orange potion for 29 gold pieces
  1917 | D:4      | Bought 2 dark potions for 59 gold pieces
  2017 | D:4      | Reached skill level 8 in Earth Magic
  2055 | D:5      | Entered Level 5 of the Dungeon
  2293 | D:5      | Noticed Blork the orc
  2299 | D:5      | Killed Blork the orc
  2299 | D:5      | Reached XP level 7. HP: 16/55 MP: 5/13
  2383 | D:5      | Noticed Ijyb
  2390 | D:5      | Killed Ijyb
  2496 | D:5      | Reached skill level 9 in Earth Magic
  2618 | D:6      | HP: 11/55 [sky beast (4)]
  2622 | D:6      | Reached skill level 10 in Earth Magic
  2623 | D:6      | HP: 5/55 [scorpion (7)]
  2701 | D:6      | Reached skill level 11 in Earth Magic
  2701 | D:6      | Reached XP level 8. HP: 17/62 MP: 2/14
  2895 | D:7      | Found a glowing golden altar of the Shining One.
  2918 | D:7      | HP: 10/62 [gnoll/+0 spear (6)]
  2922 | D:7      | Reached skill level 12 in Earth Magic
  2924 | D:7      | Found a staircase to the Ecumenical Temple.
  2931 | Temple   | Entered the Ecumenical Temple
  2970 | Temple   | Became a worshipper of Makhleb the Destroyer
  3089 | D:7      | HP: 9/62 [wraith (1)]
  3096 | D:7      | HP: 13/62 [wraith (5)]
  3099 | D:7      | HP: 2/62 [wraith (7)]
  3109 | D:7      | Found an ancient bone altar of Kikubaaqudgha.
  3115 | D:7      | Slain by a human zombie

Illustrated notes

Levels and vault maps discovered:
D:1:      tarquinn_simple_flora_water_e, layout_loops_ring
D:2:      layout_basic
D:3:      layout_loops_ring
D:4:      layout_cave_pools, tgw_sif, serial_shops, kennysheep_mini_moat,
          supply_closet_lemuel, minmay_misc_feat_five, kennysheep_slug_shrine,
          uniq_eustachio
D:5:      wander_river, layout_loops_corners, hangedman_decor_opposing,
          uniq_ijyb, uniq_blork_the_orc
D:6:      layout_basic
D:7:      layout_loops_ring, minmay_temple_entry_wispy, basic_altar,
          lemuel_mausoleum_altar_kikubaaqudgha
Temple:   kilobyte_greek_temple

Skill      XL: |  1  2  3  4  5  6  7  8 |
---------------+-------------------------+-----
Spellcasting   | 2 3 4 |  4.2
Earth Magic    | 5 6 7 8 11 12 | 12.6
Dodging        | |  2.1
Stealth        | |  2.4
Transmutations | |  0.8

Action                   |  1- 3 |  4- 6 |  7- 9 || total
-------------------------+-------+-------+-------++-------
Melee: Short sword       |     2 |       |       ||     2
       Spear             |    16 |       |       ||    16
       Dagger            |       |    25 |     4 ||    29
 Cast: Sandblast         |    41 |    61 |    99 ||   201
       Passwall          |    16 |     8 |     6 ||    30
  Use: Scroll            |     1 |    10 |     1 ||    12
       Potion            |       |       |     2 ||     2
 Stab: Sleeping          |     3 |       |       ||     3
Armor: Leather armour    |     5 |       |       ||     5
       Ring mail         |       |    13 |    31 ||    44
Dodge: Dodged            |    18 |    32 |    39 ||    89

Table legend: (Time is in decaauts)
 A = Elapsed time spent in this place.
 B = Non-inter-level travel time spent in this place.
 C = Inter-level travel time spent in this place.
 D = Time resting spent in this place.
 E = Time spent auto-exploring this place.
 F = Levels seen in this place.
 G = Mean time per level.
                   A        B        C        D        E       F      G
               +--------+--------+--------+--------+--------+-----+--------+
         Total |   3131 |   3081 |     50 |      0 |      0 |   8 |  391.4 |
       Dungeon |   3054 |   3041 |     13 |      0 |      0 |   7 |  436.3 |
        Temple |     77 |     40 |     37 |      0 |      0 |   1 |   77.0 |
               +--------+--------+--------+--------+--------+-----+--------+

Top non-repeatable levels by time:
     D:2: 661 daAuts
     D:1: 553 daAuts
     D:5: 523 daAuts
     D:3: 471 daAuts
     D:4: 366 daAuts
     D:6: 247 daAuts
     D:7: 229 daAuts
  Temple: 77 daAuts

Table legend:
 A = Kills in this place as a percentage of kills in entire the game.
 B = Kills by you in this place as a percentage of kills by you in the entire game.
 C = Kills by friends in this place as a percentage of kills by friends in the entire game.
 D = Other kills in this place as a percentage of other kills in the entire game.
 E = Experience gained in this place as a percentage of experience gained in the entire game.
 F = Experience gained in this place divided by the number of levels of this place that you have seen.
                   A       B       C       D       E      F
               +-------+-------+-------+-------+-------+----------------------
         Total | 100.0 | 100.0 |   N/A |   N/A | 100.0 | 265.8
       Dungeon | 100.0 | 100.0 |   N/A |   N/A | 100.0 | 303.7
               +-------+-------+-------+-------+-------+----------------------
